 Dungeon Crawl Stone Soup version 0.28.0-43-g3370ac3207 (webtiles) character file.

Game seed: 12033775355738277068

81 graymark the Nimble (level 4, -2/32 HPs)
             Began as a Gnoll Wanderer on Mar 1, 2022.
             Slain by Crazy Yiuf
             ... wielding a +4 quarterstaff of chaos
              (9 damage)
             ... on level 2 of the Dungeon.
             The game lasted 00:07:28 (1744 turns).

graymark the Nimble (Gnoll Wanderer)                Turns: 1744, Time: 00:07:28

Health: -2/32      AC:  6    Str:  8    XL:     4   Next: 42%
Magic:  1/5        EV: 18    Int:  9    God:
Gold:   61         SH:  0    Dex: 19    Spells: 5/5 levels left

rFire   . . .      SeeInvis .   g - +2 whip (drain)
rCold   . . .      Faith    .   (no shield)
rNeg    . . .      Spirit   .   b - +2 leather armour
rPois   .          Reflect  .   (no helmet)
rElec   .          Harm     .   r - +0 cloak
rCorr   +          Rampage  .   (no gloves)
Will    .....                   (no boots)
Stlth   ++........              (no amulet)
HPRegen 0.10/turn               q - ring of resist corrosion
MPRegen 0.09/turn               (no ring)

@: mighty, brilliant, lethally poisoned (-2 -> -3)
A: fangs 1, strong nose, distributed training
a: no special abilities


You were on level 2 of the Dungeon.
You visited 1 branch of the dungeon, and saw 2 of its levels.

You collected 61 gold pieces.

Inventory:

Hand Weapons
 a - a +0 hunting sling
 g - a +2 whip of draining (weapon)
 h - a +0 hunting sling
Missiles
 c - 16 sling bullets
 f - 20 stones (quivered)
 i - 6 poisoned darts
 p - 12 bolts
Armour
 b - a +2 leather armour (worn)
 l - a +0 ring mail
 r - a +0 cloak (worn)
Jewellery
 o - an amulet of guardian spirit
 q - a ring of resist corrosion (left hand)
Scrolls
 d - 2 scrolls of teleportation
 j - a scroll of vulnerability {unknown}
 k - a scroll of amnesia {unknown}
 m - 2 scrolls of identify {unknown}
Potions
 s - 2 potions of berserk rage {unknown}


   Skills:
 + Level 1.1 Fighting
 + Level 1.1 Short Blades
 + Level 1.1 Long Blades
 + Level 1.1 Axes
 + Level 1.1 Maces & Flails
 + Level 1.1 Polearms
 + Level 1.1 Staves
 + Level 6.6 Slings
 + Level 1.1 Bows
 + Level 1.1 Crossbows
 + Level 2.7 Throwing
 + Level 2.7 Armour
 + Level 10.4 Dodging
 + Level 1.1 Stealth
 + Level 1.1 Shields
 + Level 1.1 Unarmed Combat
 + Level 1.1 Spellcasting
 + Level 0.9 Conjurations
 + Level 0.9 Hexes
 + Level 0.9 Summonings
 + Level 0.9 Necromancy
 + Level 0.9 Translocations
 + Level 0.9 Transmutations
 + Level 0.9 Fire Magic
 + Level 0.9 Ice Magic
 + Level 0.9 Air Magic
 + Level 0.9 Earth Magic
 + Level 0.9 Poison Magic
 + Level 1.2 Invocations
 + Level 1.1 Evocations


You had 5 spell levels left.
You didn't know any spells.
Your spell library contained the following spells:

 Spells                   Type           Power      Damage    Failure   Level
 Portal Projectile        Hex/Tloc       6%         N/A       71%         3
 Blade Hands              Tmut           1%         N/A       100%        5
 Excruciating Wounds      Necr           1%         N/A       100%        5


Dungeon Overview and Level Annotations

Branches:
Dungeon (2/15)

Altars:
Ru

Annotations:
D:2 Crazy Yiuf


Innate Abilities, Weirdness & Mutations

You have very sharp teeth.
Your uncanny sense of smell can sniff out nearby items.
Your experience applies equally to all skills.


Message History

You barely miss Crazy Yiuf.
Crazy Yiuf is lightly wounded.
You feel sick.
Crazy Yiuf cries, "Hack!
Shadow spinner verde."
Crazy Yiuf hits you with a +4 quarterstaff of chaos.
You are more poisoned.
You hit Crazy Yiuf.
Crazy Yiuf is moderately wounded.
You feel very sick. Crazy Yiuf barely misses you.
You barely miss Crazy Yiuf.
Crazy Yiuf is moderately wounded.
You feel sick. Crazy Yiuf closely misses you.
You closely miss Crazy Yiuf. You bite Crazy Yiuf.
Crazy Yiuf is moderately wounded.
You feel sick. Crazy Yiuf barely misses you.
You closely miss Crazy Yiuf. Your bite misses Crazy Yiuf.
Crazy Yiuf is moderately wounded.
You feel sick.
Crazy Yiuf whimpers, "Action!
Lay snail action."
Crazy Yiuf closely misses you.
You completely miss Crazy Yiuf.
Crazy Yiuf is moderately wounded.
You feel sick.
Crazy Yiuf whimpers, "Adder!
Two head noodlescoop."
Crazy Yiuf hits you with a +4 quarterstaff of chaos.
You feel your power leaking away.
You barely miss Crazy Yiuf.
Crazy Yiuf is moderately wounded.
You feel sick.
Crazy Yiuf hits you with a +4 quarterstaff of chaos.
* * * LOW HITPOINT WARNING * * *
It was a potion of brilliance.
You feel clever all of a sudden.
You feel sick. Crazy Yiuf misses you.
It was a potion of might.
You feel very mighty all of a sudden.
You feel sick.
Crazy Yiuf hits you with a +4 quarterstaff of chaos!
You die...

.........>#.....#
.......##########
.......# .......#
##### .......#
#)..# .......#
#...#
.......##### ...
...........# #g#
.......##### ♣@♣♣
...........# ♣♣.♣
#'########.# ♣.♣♣
#.# #.# ♣♣.♣ ..#
#.# ♣♣.♣♣ ### #.#
♣♣P).♣ #.# ♣)...♣
#.# #.)..#
#.####....#


You could see Crazy Yiuf (drained).

Vanquished Creatures
  3 adders (D:2)
  A worm (D:2)
  3 ball pythons
  6 bats
  4 endoplasms
  2 giant cockroaches (D:1)
  8 goblins
  4 hobgoblins
  5 jackals (D:1)
  4 kobolds (D:1)
  A quokka (D:2)
  2 frilled lizards (D:2)
  3 rats
46 creatures vanquished.

Notes
Turn   | Place    | Note
-------+----------+-------------------------------------------
     0 | D:1      | Reached skill level 10 in Dodging
     0 | D:1      | graymark the Gnoll Wanderer began the quest for the Orb.
     0 | D:1      | graymark set off with the following items: a +0 hunting
                  | sling, a +2 leather armour, 18 sling bullets, a scroll of
                  | teleportation
     0 | D:1      | Reached XP level 1. HP: 13/13 MP: 1/1
   102 | D:1      | Reached XP level 2. HP: 19/19 MP: 2/2
   216 | D:1      | Found a faded altar of an unknown god.
   263 | D:1      | Prayed at the altar of an unknown god.
   263 | D:1      | Became a worshipper of Ru the Awakened
   264 | D:1      | Fell from the grace of Ru
   329 | D:1      | Reached XP level 3. HP: 25/25 MP: 3/3
   768 | D:2      | Reached skill level 1 in Invocations
   822 | D:2      | Reached skill level 1 in Fighting
   822 | D:2      | Reached skill level 1 in Short Blades
   822 | D:2      | Reached skill level 1 in Long Blades
   822 | D:2      | Reached skill level 1 in Axes
   822 | D:2      | Reached skill level 1 in Maces & Flails
   822 | D:2      | Reached skill level 1 in Polearms
   822 | D:2      | Reached skill level 1 in Staves
   822 | D:2      | Reached skill level 1 in Bows
   822 | D:2      | Reached skill level 1 in Crossbows
   822 | D:2      | Reached skill level 1 in Stealth
   822 | D:2      | Reached skill level 1 in Shields
   822 | D:2      | Reached skill level 1 in Unarmed Combat
   822 | D:2      | Reached skill level 1 in Spellcasting
   822 | D:2      | Reached skill level 1 in Evocations
  1246 | D:2      | Reached XP level 4. HP: 32/32 MP: 5/5
  1561 | D:2      | Found a runed translucent door.
  1562 | D:2      | Noticed Crazy Yiuf
  1744 | D:2      | Slain by Crazy Yiuf

Illustrated notes

Levels and vault maps discovered:
D:1:      wander_arrival_abandoned_jail, layout_basic,
          ebering_ecumenical_altar_ruins, minmay_misc_feat_more_columns,
          minmay_liquid_box, minmay_misc_feat_tower
D:2:      minmay_razor_zed, layout_basic, minmay_surrounded,
          uniq_crazy_yiuf_cottage, uniq_jessica

Skill      XL: |  1  2  3 |
---------------+----------+-----
Dodging        | | 10.4
Invocations    | 1 |  1.2
Fighting       | 1 |  1.1
Short Blades   | 1 |  1.1
Long Blades    | 1 |  1.1
Axes           | 1 |  1.1
Maces & Flails | 1 |  1.1
Polearms       | 1 |  1.1
Staves         | 1 |  1.1
Bows           | 1 |  1.1
Crossbows      | 1 |  1.1
Stealth        | 1 |  1.1
Shields        | 1 |  1.1
Unarmed Combat | 1 |  1.1
Spellcasting   | 1 |  1.1
Evocations     | 1 |  1.1
Slings         | |  6.6
Throwing       | |  2.7
Armour         | |  2.7
Conjurations   | |  0.9
Hexes          | |  0.9
Summonings     | |  0.9
Necromancy     | |  0.9
Translocations | |  0.9
Transmutations | |  0.9
Fire Magic     | |  0.9
Ice Magic      | |  0.9
Air Magic      | |  0.9
Earth Magic    | |  0.9
Poison Magic   | |  0.9

Action                   |  1- 3 |  4- 6 || total
-------------------------+-------+-------++-------
Melee: Whip              |    81 |    39 ||   120
       Bite              |     3 |    10 ||    13
       Punch             |     3 |       ||     3
 Fire: Hunting sling     |    23 |       ||    23
Invok: Renounce Religion |     1 |       ||     1
  Use: Potion            |       |     2 ||     2
 Stab: Sleeping          |     1 |       ||     1
Armor: Leather armour    |    22 |     7 ||    29
Dodge: Dodged            |    87 |    32 ||   119
